 Dungeon Crawl Stone Soup version 0.21.1-1-g345015fe64 (webtiles) character file.

1037 paliksom the Skirmisher (level 8, -4/80 HPs)
             Began as a Minotaur Fighter on Mar 8, 2018.
             Was an Initiate of Nemelex Xobeh.
             Slain by a gnoll
             ... wielding a +0 halberd
              (11 damage)
             ... on level 5 of the Dungeon.
             The game lasted 00:22:38 (2670 turns).

paliksom the Skirmisher (Minotaur Fighter)          Turns: 2670, Time: 00:22:39

Health: -4/80      AC: 10    Str: 20 (23) XL:     8   Next: 4%
Magic:  7/7        EV:  6    Int:  2 (3)  God:    Nemelex Xobeh [......]
Gold:   314        SH: 10    Dex:  7 (8)  Spells: 7/7 levels left

rFire    . . .     SeeInvis .   a - +1 long sword
rCold    . . .     Gourm    .   c - +0 shield
rNeg     . . .     Faith    .   o - +0 chain mail
rPois    .         Spirit   .   (helmet restricted)
rElec    .         Reflect  .   (no cloak)
rCorr    .         Harm     .   (no gloves)
MR       +....                  (no boots)
Stlth    ..........             (no amulet)
HPRegen  0.23/turn              (no ring)
MPRegen  0.10/turn              (no ring)

@: no status effects
A: retaliatory headbutt, horns 2, clumsy 1, dopey 1, magic resistance 1, robust
1
a: Renounce Religion


You were on level 5 of the Dungeon.
You worshipped Nemelex Xobeh.
Nemelex Xobeh was noncommittal.
You were not hungry.

You visited 1 branch of the dungeon, and saw 5 of its levels.

You collected 314 gold pieces.

Inventory:

Hand Weapons
 a - a +1 long sword (weapon)
 g - a +0 spear
 k - a +0 hand axe of flaming
 l - a +0 club
 q - a +2 mace of protection
 t - a +0 long sword
Armour
 b - a +0 scale mail
 c - a +0 shield (worn)
 e - a +0 helmet
 i - a +0 ring mail
 n - a +0 scale mail
 o - a +0 chain mail (worn)
 w - a +0 chain mail
Jewellery
 h - an uncursed ring of see invisible {unknown}
 m - an uncursed ring of fire {unknown}
Scrolls
 p - 3 scrolls of identify
 r - a scroll of enchant weapon
 s - 2 scrolls of teleportation {unknown}
 x - a scroll of noise {unknown}
Potions
 d - 2 potions of might
 z - a potion of flight
Miscellaneous
 j - a plain deck of destruction
 v - a plain deck of summoning
Comestibles
 f - 9 rations


   Skills:
 * Level 7.5 Fighting
 + Level 5.1 Long Blades
 + Level 5.7 Armour
 - Level 0.3 Dodging
 * Level 7.3 Shields


You had 7 spell levels left.
You didn't know any spells.

Dungeon Overview and Level Annotations

Branches:
Dungeon (5/15)
 Temple: D:4-7

Altars:
Kikubaaqudgha
Nemelex Xobeh
Ru
Yredelemnul

Portals:
Ossuary: D:5


Innate Abilities, Weirdness & Mutations

You reflexively headbutt those who attack you in melee.
You have a pair of horns on your head.
You are clumsy. (Dex -2)
You are dopey. (Int -2)
You are resistant to hostile enchantments. (MR+)
You are robust. (+10% HP)


Message History

The gnoll is lightly wounded.
The gnoll completely misses you. You block the gnoll's attack.
You barely miss the gnoll.
You headbutt the gnoll, but do no damage.
The gnoll is lightly wounded.
The gnoll hits you but does no damage.
The gnoll hits you from afar with a halberd.
* * * LOW HITPOINT WARNING * * *
You closely miss the gnoll. You headbutt the gnoll!
The gnoll is severely wounded.
You block the gnoll's attack. x2; The gnoll barely misses you.
You hit the gnoll but do no damage.
The gnoll is severely wounded.
The gnoll barely misses you. The gnoll hits you but does no damage.
You slash the gnoll!
You kill the gnoll!
The gnoll hits you but does no damage. The gnoll hits you with a halberd!
You die...
Your body disappears without a glow.

#.# .. #.# ###..####
##.......###
#..........##
#...[..(....##
#......@.....##
#.....g)......#
#............##########
#..............##.....##
...........####........#
..........## ##........#
#.......### ##......[...
..#....## ##...........
.####.. ##............


You could see a gnoll.

Vanquished Creatures
  Duvessa (D:5)
  2 phantoms (D:4)
  2 ogres
  Dowan (D:5)
  Blork the orc (D:5)
  A scorpion (D:4)
  A bullfrog skeleton (D:4)
  An iguana (D:5)
  Terence (D:3)
  4 worker ants
  A hound skeleton (D:4)
  7 gnolls (D:5)
  6 adders
  2 oozes
  2 adder skeletons
  2 dart slugs
  3 leopard geckos
  6 orcs
  2 ball pythons
  9 bats
  4 giant cockroaches
  7 goblins
  12 hobgoblins
  A jackal (D:1)
  7 kobolds
  3 frilled lizards (D:1)
  7 rats
  2 fungi (D:4)
98 creatures vanquished.

Notes
Turn   | Place    | Note
-------+----------+-------------------------------------------
     0 | D:1      | paliksom the Minotaur Fighter began the quest for the Orb.
     0 | D:1      | Reached XP level 1. HP: 19/19 MP: 0/0
   224 | D:1      | Reached XP level 2. HP: 25/27 MP: 1/1
   413 | D:1      | Reached XP level 3. HP: 32/33 MP: 2/2
   891 | D:2      | Found a sacrificial altar of Ru.
   891 | D:2      | Found an ancient bone altar of Kikubaaqudgha.
  1542 | D:3      | Reached XP level 4. HP: 41/41 MP: 3/3
  1728 | D:3      | Noticed Terence
  1737 | D:3      | Killed Terence
  1737 | D:3      | Reached skill level 5 in Fighting
  1737 | D:3      | Reached XP level 5. HP: 46/48 MP: 4/4
  1770 | D:4      | Reached skill level 5 in Shields
  1816 | D:4      | Found a sparkling altar of Nemelex Xobeh.
  1824 | D:4      | Became a worshipper of Nemelex Xobeh the Trickster
  1848 | D:4      | Received a gift from Nemelex Xobeh
  1870 | D:4      | Noticed a phantom
  1905 | D:4      | Killed a phantom
  1905 | D:4      | Reached XP level 6. HP: 38/57 MP: 5/5
  1982 | D:4      | Found a basalt altar of Yredelemnul.
  2021 | D:4      | Reached skill level 5 in Armour
  2085 | D:4      | Reached XP level 7. HP: 56/64 MP: 6/6
  2367 | D:5      | Entered Level 5 of the Dungeon
  2368 | D:5      | Noticed Duvessa
  2369 | D:5      | Noticed Dowan
  2386 | D:5      | Killed Duvessa
  2406 | D:5      | Killed Dowan
  2422 | D:5      | Gained mutation: You are clumsy. (Dex -2) [potion of mutation]
  2422 | D:5      | Gained mutation: You are dopey. (Int -2) [potion of mutation]
  2422 | D:5      | Gained mutation: You are robust. (+10% HP) [potion of mutation]
  2422 | D:5      | Gained mutation: You are resistant to hostile enchantments. (MR+) [potion of mutation]
  2511 | D:5      | Found a sand-covered staircase.
  2514 | D:5      | Received a gift from Nemelex Xobeh
  2614 | D:5      | Noticed Blork the orc
  2627 | D:5      | Killed Blork the orc
  2627 | D:5      | Reached skill level 5 in Long Blades
  2627 | D:5      | Reached XP level 8. HP: 13/80 MP: 7/7
  2670 | D:5      | Slain by a gnoll

Skill      XL: |  1  2  3  4  5  6  7 |
---------------+----------------------+-----
Fighting       | 4 5 6 7 |  7.5
Shields        | 4 5 6 7 |  7.3
Long Blades    | 3 4 5 |  5.1
Armour         | 4 5 |  5.7
Dodging        | |  0.3

Action                   |  1- 3 |  4- 6 |  7- 9 || total
-------------------------+-------+-------+-------++-------
Melee: Long sword        |   100 |   119 |    90 ||   309
       Headbutt          |     9 |    23 |    21 ||    53
  Use: Potion            |     2 |     2 |     8 ||    12
       Scroll            |       |     4 |     1 ||     5
  Eat: Ration            |     1 |       |     1 ||     2
Armor: Scale mail        |    19 |       |       ||    19
       Chain mail        |    31 |    81 |    31 ||   143
Dodge: Dodged            |    25 |    27 |    17 ||    69
Block: Shield            |    53 |    72 |    58 ||   183
       Rpst.: Long sword |     8 |     6 |     4 ||    18
